 Dungeon Crawl Stone Soup version 0.23.1 (webtiles) character file.

Game seed: 7191012188817669345

10010 Lusmu the Reanimator (level 11, -11/79 HPs)
             Began as a Mummy Necromancer on Mar 15, 2019.
             Was an Elder of Makhleb.
             Killed from afar by luab's ghost (31 damage)
             ... with a lance of force
             ... on level 10 of the Dungeon.
             The game lasted 01:12:41 (18303 turns).

Lusmu the Reanimator (Mummy Necromancer)           Turns: 18303, Time: 01:12:41

Health: -11/79     AC:  7    Str: 12    XL:     11   Next: 30%
Magic:  13/18      EV: 17    Int: 27    God:    Makhleb [****..]
Gold:   452        SH:  7    Dex: 18    Spells: 11/20 levels left

rFire    . . .     SeeInvis +   w - +0 rapier "Ultimatum" {pierce, rC+ MR++ Int+5 Stlth-}
rCold    + + .     Gourm    .   i - +2 buckler
rNeg     + + +     Faith    .   f - +2 leather armour {rF+}
rPois    ∞         Spirit   .   x - +1 hat {SInv}
rElec    .         Reflect  .   p - +0 cloak
rCorr    .         Harm     .   (no gloves)
MR       +++..                  (no boots)
Stlth    +.........             (no amulet)
HPRegen  0.23/turn              z - +6 ring of intelligence
MPRegen  0.16/turn              B - +4 ring of dexterity

@: very slightly contaminated
A: no food or potions, fire vulnerability, cold resistance 1, negative energy
resistance 3, torment resistance, unbreathing
a: Minor Destruction, Lesser Servant of Makhleb, Major Destruction, Renounce
Religion


You were on level 10 of the Dungeon.
You worshipped Makhleb.
Makhleb was greatly pleased with you.
You were not hungry.

You visited 2 branches of the dungeon, and saw 11 of its levels.

You collected 452 gold pieces.

Inventory:

Hand Weapons
 k - a +0 blowgun
 r - a +4 dagger of protection
 w - the +0 rapier "Ultimatum" (weapon) {pierce, rC+ MR++ Int+5 Stlth-}
   (You found it on level 7 of the Dungeon)

   It inflicts extra damage upon your enemies.
   It affects your intelligence (+5).
   It protects you from cold.
   It affects your resistance to hostile enchantments.
   It makes you less stealthy.
Missiles
 l - 27 poisoned needles
 y - 13 tomahawks (quivered)
Armour
 f - a +2 leather armour of fire resistance (worn)
 i - a +2 buckler (worn)
 p - a +0 cloak (worn)
 x - a +1 hat of see invisible (worn)
Jewellery
 q - an uncursed ring of stealth
 s - an uncursed ring of flight
 z - a +6 ring of intelligence (left hand)
 B - a +4 ring of dexterity (right hand)
Wands
 m - a wand of paralysis (9)
 u - a wand of polymorph (8)
 v - a wand of iceblast (26)
 A - a wand of flame (31)
 F - a wand of acid (5)
Scrolls
 a - 4 scrolls of identify
 b - 2 scrolls of blinking
 c - 4 scrolls of enchant weapon
 d - a scroll of teleportation
 e - 3 scrolls of amnesia
 g - 5 scrolls of remove curse
 h - 2 scrolls of enchant armour
 j - 2 scrolls of random uselessness
 n - a scroll of magic mapping
 o - a scroll of immolation
 t - 2 scrolls of fog
 D - a scroll of vulnerability
 E - a scroll of noise {unknown}


   Skills:
 - Level 5.1 Fighting
 + Level 5.7 Short Blades
 - Level 5.0 Armour
 + Level 7.7 Dodging
 + Level 2.6 Stealth
 - Level 4.0 Shields
 - Level 5.0 Spellcasting
 - Level 8.0 Necromancy
 + Level 4.6 Invocations
 + Level 1.7 Evocations


You had 11 spell levels left.
You knew the following spells:

 Your Spells              Type           Power        Failure   Level  Hunger
a - Pain                  Necr           ####         1%          1    N/A
b - Animate Skeleton      Necr           N/A          1%          1    N/A
c - Vampiric Draining     Necr           ######....   1%          3    N/A
d - Animate Dead          Necr           N/A          3%          4    N/A

Your spell library contained the following spells:

 Spells                   Type           Power        Failure   Level  Hunger
 Poisonous Vapours        Pois/Air       #.....       14%         2    N/A
 Sticks to Snakes         Tmut           #.......     14%         2    N/A
 Conjure Flame            Conj/Fire      #.......     26%         3    N/A
 Mephitic Cloud           Conj/Pois/Air  #.......     26%         3    N/A
 Freezing Cloud           Conj/Ice/Air   #.........   100%        6    N/A
 Ring of Flames           Chrm/Fire      #.........   100%        7    N/A
 Regeneration             Chrm/Necr      Unusable     N/A         3    N/A
 Beastly Appendage        Tmut           Unusable     N/A         1    N/A
 Spider Form              Tmut/Pois      Unusable     N/A         3    N/A
 Ice Form                 Ice/Tmut       Unusable     N/A         4    N/A
 Blade Hands              Tmut           Unusable     N/A         5    N/A

Dungeon Overview and Level Annotations

Branches:
Dungeon (10/15)            Temple (1/1) D:4
   Lair: D:8-11         Orc: D:9-12

Altars:
Ashenzari
Cheibriados
Dithmenos
Elyvilon
Fedhas
Gozag
Hepliaklqana
Kikubaaqudgha
Makhleb
Nemelex Xobeh
Okawaru
Qazlal
Ru
Sif Muna
Trog
Uskayaw
Vehumet
Wu Jian
Xom
Yredelemnul
Zin
The Shining One
Beogh

Annotations:
D:10 luab's ghost, journeyman GnVM


Innate Abilities, Weirdness & Mutations

You do not eat or drink.
Your flesh is vulnerable to fire.
You are immune to poison.
Your flesh is cold resistant. (rC+)
You are immune to negative energy. (rN+++)
You are immune to unholy pain and torment.
You can survive without breathing.


Message History

Luab's ghost is lightly damaged.
Luab's ghost hits you.
You closely miss luab's ghost.
Luab's ghost is lightly damaged.
Luab's ghost gestures at you while chanting.
The lance of force hits you!!
You are knocked back by the lance of force.
You slam into the rock wall!
Luab's ghost hits you but does no damage.
There is an escape hatch in the ceiling here.
You hit luab's ghost.
Luab's ghost is moderately damaged.
Luab's ghost casts a spell at you. The lance of force hits you!
You are knocked back by the lance of force.
You slam into the rock wall!
* * * LOW HITPOINT WARNING * * *
Luab's ghost points at you and mumbles some strange words.
The lance of force hits you!!
You die...

#.# ##.# #.### #Z# #...# #Z#
###.# #Z## #.# #Z.#
########.###### ######.#######
).............####.............
###....(......##............###
#######......o##@#...Z.........
.....8#......oW<.#..........###
..##..#.....oo####.Z........#
..#8..######### ##.#########
o.##.. #....ZZZ# o#...)
########Z## o#...[ #....(Z.Z.#
.#.8._ #.....ZZZZ# # .#...[
#....Z..Z.# ##


You could see an orc warrior, an orc priest, luab's ghost and an orc.

Vanquished Creatures
  Gastronok (D:10)
  Joseph (D:10)
  A kobold demonologist (D:10)
  2 trolls
  4 hippogriffs
  A wyvern (D:10)
  A yak (D:9)
  An ice beast (D:9)
  4 orc warriors
  3 sky beasts
  3 black bears
  A phantom (D:6)
  5 ogres
  2 centaurs
  14 big kobolds
  6 bullfrogs
  A gnoll sergeant (D:5)
  A water moccasin zombie (D:7)
  4 scorpions (D:5)
  6 killer bees
  12 wights
  5 howler monkeys
  6 crimson imps
  3 bullfrog zombies (D:7)
  A jelly (D:5)
  5 hounds
  7 orc priests
  19 orc wizards
  2 bullfrog skeletons
  3 iguanas
  Terence (D:2)
  4 worker ants
  A hound zombie (D:6)
  2 worker ant zombies
  7 gnolls
  9 adders
  An ooze (D:1)
  2 adder zombies
  3 adder skeletons
  2 worms
  3 dart slugs
  3 leopard geckos
  56 orcs
  6 bats
  5 giant cockroaches
  2 goblins
  10 hobgoblins
  4 jackals
  3 quokkas
  A ball python (D:3)
  4 frilled lizards
  6 kobolds
  A leopard gecko zombie (D:6)
  A quokka zombie (D:5)
  11 rats
273 creatures vanquished.

Vanquished Creatures (collateral kills)
  A centaur skeleton (D:10)
  A black bear (D:8)
  A sky beast (D:8)
  An ogre (D:7)
  4 big kobolds (D:10)
  2 water moccasin skeletons
  2 orc wizards
  2 orc priests
  An iguana (D:7)
  A hound skeleton (D:8)
  An adder (D:8)
  An adder zombie (D:8)
  12 orcs
  2 giant cockroaches
  A hobgoblin (D:2)
  2 jackals (D:4)
  6 kobolds
  A quokka (D:4)
  A bat (D:3)
  2 rats
45 creatures vanquished.

Vanquished Creatures (others)
  A wight (D:6)
  A gnoll (D:5)
2 creatures vanquished.

Grand Total: 320 creatures vanquished

Notes
Turn   | Place    | Note
-------+----------+-------------------------------------------
     0 | D:1      | Lusmu the Mummy Necromancer began the quest for the Orb.
     0 | D:1      | Reached XP level 1. HP: 13/13 MP: 4/4
    40 | D:1      | Learned a level 1 spell: Animate Skeleton
   639 | D:1      | Reached XP level 2. HP: 20/20 MP: 1/6
   864 | D:1      | Reached skill level 1 in Fighting
  1062 | D:1      | Reached XP level 3. HP: 14/26 MP: 7/7
  1823 | D:2      | Found a shimmering altar of Xom.
  1946 | D:2      | Noticed Terence
  1951 | D:2      | Killed Terence
  1951 | D:2      | Reached XP level 4. HP: 33/33 MP: 3/9
  2377 | D:2      | Found a faded altar of an unknown god.
  3636 | D:3      | Found a shadowy altar of Dithmenos.
  4016 | D:3      | Reached XP level 5. HP: 39/39 MP: 6/11
  4469 | D:3      | Reached skill level 5 in Necromancy
  5260 | D:4      | Found a staircase to the Ecumenical Temple.
  5330 | D:3      | Reached XP level 6. HP: 23/47 MP: 4/13
  5645 | D:4      | Reached skill level 5 in Spellcasting
  6007 | Temple   | Entered the Ecumenical Temple
  6286 | Temple   | Became a worshipper of Makhleb the Destroyer
  6703 | D:4      | Learned a level 3 spell: Vampiric Draining
  6927 | D:5      | Entered Level 5 of the Dungeon
  7193 | D:5      | Reached skill level 1 in Armour
  7193 | D:5      | Reached XP level 7. HP: 54/54 MP: 9/14
  7420 | D:5      | Reached skill level 6 in Necromancy
  9394 | D:5      | Reached XP level 8. HP: 55/61 MP: 12/15
  9465 | D:6      | Reached * piety under Makhleb
  9628 | D:6      | Reached skill level 5 in Fighting
  9981 | D:6      | Learned a level 4 spell: Animate Dead
 10224 | D:6      | Reached skill level 7 in Necromancy
 11740 | D:6      | Found an ancient bone altar of Kikubaaqudgha.
 11740 | D:6      | Found a snail-covered altar of Cheibriados.
 11740 | D:6      | Found a glowing silver altar of Zin.
 11740 | D:6      | Found a deep blue altar of Sif Muna.
 11746 | D:6      | Found a bloodstained altar of Trog.
 11746 | D:6      | Found a glowing golden altar of the Shining One.
 11858 | D:7      | Found a radiant altar of Vehumet.
 11929 | D:7      | Reached XP level 9. HP: 68/68 MP: 16/16
 12216 | D:7      | Reached ** piety under Makhleb
 12216 | D:7      | Reached skill level 8 in Necromancy
 12289 | D:7      | Got a pitted rapier
 12319 | D:7      | Identified the cursed +0 rapier "Ultimatum" {pierce, rC+
                  | MR++ Int+5 Stlth-} (You found it on level 7 of the Dungeon)
 12474 | D:7      | Reached skill level 5 in Dodging
 12783 | D:7      | Reached skill level 1 in Short Blades
 12918 | D:7      | Reached skill level 1 in Shields
 13843 | D:7      | Reached skill level 5 in Armour
 14517 | D:8      | Found a roughly hewn altar of Beogh.
 15000 | D:8      | Found a sacrificial altar of Ru.
 15008 | D:8      | Reached *** piety under Makhleb
 15093 | D:8      | Reached XP level 10. HP: 43/74 MP: 17/17
 15559 | D:8      | Found an ornate altar of the Wu Jian Council.
 15924 | D:9      | Found a shattered altar of Ashenzari.
 15959 | D:9      | Found a white marble altar of Elyvilon.
 16166 | D:9      | Reached skill level 1 in Invocations
 16474 | D:10     | Entered Level 10 of the Dungeon
 16634 | D:10     | Noticed Joseph
 16841 | D:10     | HP: 3/74 [Joseph/sling bullet (11)]
 16852 | D:10     | HP: 2/74 [Joseph/sling bullet (4)]
 17274 | D:10     | Killed Joseph
 17285 | D:10     | Noticed Gastronok
 17297 | D:10     | Killed Gastronok
 17297 | D:10     | Reached skill level 5 in Short Blades
 17536 | D:10     | Reached **** piety under Makhleb
 17542 | D:9      | Reached XP level 11. HP: 60/79 MP: 5/18
 17976 | D:10     | Reached skill level 1 in Evocations
 18218 | D:10     | Found a runed translucent gate.
 18219 | D:10     | Found a runed translucent gate.
 18219 | D:10     | Identified the +1 long sword of Zupiac {flame, rC+}
 18219 | D:10     | Identified the cursed +1 chain mail of Bucoash {Str-4 Int+8
                  | SInv}
 18219 | D:10     | Noticed luab's ghost (journeyman GnVM)
 18220 | D:10     | Found a runed translucent gate.
 18227 | D:10     | Found a roughly hewn altar of Beogh.
 18303 | D:10     | Killed from afar by luab's ghost

Skill      XL: |  1  2  3  4  5  6  7  8  9 10 11 |
---------------+----------------------------------+-----
Spellcasting   | 3 4 5 |  5.0
Fighting       | 1 2 3 4 5 |  5.1
Necromancy     | 5 6 7 8 |  8.0
Armour         | 1 2 4 5 |  5.0
Dodging        | 2 3 4 6 7 |  7.7
Short Blades   | 3 5 |  5.7
Shields        | 3 4 |  4.0
Invocations    | 4 |  4.6
Stealth        | 2 |  2.6
Evocations     | 1 |  1.7

Action                   |  1- 3 |  4- 6 |  7- 9 | 10-12 || total
-------------------------+-------+-------+-------+-------++-------
Melee: Unarmed           |    55 |       |       |       ||    55
       Dagger            |    46 |   365 |   585 |       ||   996
       Rapier            |       |       |   263 |   591 ||   854
Throw: Throwing net      |       |       |       |     1 ||     1
 Cast: Pain              |    33 |    69 |    24 |       ||   126
       Animate Skeleton  |     7 |    25 |    21 |     2 ||    55
       Vampiric Draining |       |     2 |    39 |    23 ||    64
       Animate Dead      |       |       |     9 |    11 ||    20
Evoke: Wand              |       |     3 |     5 |     7 ||    15
  Use: Scroll            |     4 |     3 |     4 |     2 ||    13
 Stab: Sleeping          |     5 |     1 |     1 |     2 ||     9
       Paralysed         |       |     4 |       |       ||     4
Armor: Robe              |    25 |    37 |       |       ||    62
       Ring mail         |       |    76 |   167 |       ||   243
       Leather armour    |       |       |   187 |   106 ||   293
Dodge: Dodged            |    71 |   222 |   563 |   316 ||  1172
Block: Buckler           |       |       |   108 |   171 ||   279
